 Dungeon Crawl Stone Soup version 0.17.0-22-g5edae84 (console) character file.

16 gw the Gusty (level 2, 0/20 HPs)
             Began as a Demigod Air Elementalist on Nov 13, 2015.
             Slain by a kobold (2 damage)
             ... on level 1 of the Dungeon.
             The game lasted 00:00:56 (1098 turns).

gw the Gusty (Demigod Air Elementalist)             Turns: 1098, Time: 00:00:56

Health: 0/20       AC:  3    Str: 11    XL:     2   Next: 24%
Magic:  7/7        EV: 12    Int: 19    God:
Gold:   46         SH:  0    Dex: 16    Spells: 3 memorised, 0 levels left

rFire  . . .     SeeInvis .     b - +0 dagger (curse)
rCold  . . .     Clarity  .     h - +0 leather armour
rNeg   . . .     SustAt   +     (no shield)
rPois  .         Gourm    .     (no helmet)
rElec  .         Spirit   .     (no cloak)
rCorr  .         Warding  .     (no gloves)
rMut   .         Stasis   .     (no boots)
MR     .....                    (no amulet)
Stlth  ++........               (no ring)
                                (no ring)

@: repel missiles, not resistant to hostile enchantments, unstealthy
A: high mp 1, sustain attributes
a: no special abilities


You were on level 1 of the Dungeon.
You were not hungry.

You visited 1 branch of the dungeon, and saw 1 of its levels.

You collected 46 gold pieces.

Inventory:

Hand Weapons
 b - a cursed +0 dagger (weapon)
Missiles
 d - 66 stones (quivered)
 i - 32 arrows
Armour
 h - a +0 leather armour (worn)
Scrolls
 c - a scroll of identify {unknown}
 f - 2 scrolls of immolation {unknown}
Potions
 g - a potion of heal wounds {unknown}
 j - 2 potions of curing {unknown}
Books
 e - a book of Air

   Spells                             Type                      Level
   a - Shock                          Conjuration/Air              1
   b - Swiftness                      Charms/Air                   2
   c - Repel Missiles                 Charms/Air                   2
   d - Static Discharge               Conjuration/Air              3
   e - Lightning Bolt                 Conjuration/Air              5
Comestibles
 a - a meat ration


   Skills:
 + Level 0.1 Fighting
 + Level 0.5 Short Blades
 + Level 0.3 Armour
 - Level 1.7 Dodging
 - Level 1.7 Stealth
 * Level 2.3 Spellcasting
 - Level 0.8 Conjurations
 + Level 2.7 Air Magic


You couldn't memorise any spells.
You knew the following spells:

 Your Spells              Type           Power        Failure   Level  Hunger
a - Shock                 Conj/Air       #...         12%         1    #......
b - Swiftness             Chrm/Air       #.......     21%         2    ##.....
c - Repel Missiles        Chrm/Air       #.....       21%         2    ##.....


Dungeon Overview and Level Annotations

Branches:
Dungeon (1/15)


Innate Abilities, Weirdness & Mutations

You have an increased reservoir of magic (+10% MP).
Your attributes are resistant to harm.


Message History

The kobold barely misses you. x2
The kobold hits you but does no damage.
You start resting.
The kobold closely misses you. The kobold closely misses you.
The kobold hits you but does no damage.
You start resting.
The kobold barely misses you. The kobold barely misses you. x2
The kobold hits you.
You start resting.
The kobold hits you.
You start resting.
The kobold hits you but does no damage.
You start resting.
The kobold misses you. The kobold hits you.
You start resting.
The kobold barely misses you. The kobold barely misses you.
The kobold hits you.
You start resting.
The kobold closely misses you. The kobold closely misses you.
The kobold hits you.
You start resting.
The kobold hits you.
You die...

#.# #.# #........$#
###.###.. #...###...#
#.......# #...#%#...# #
#)# #.# ..###...#
#.#.###.# )......#
#........ #....# ####.##.#
########K..#####.####.##.#
.?.......p(...............
###.....?#####.####.##..
##....[.# ##+## #.###.
#.....### #...###.###.
#.##### #...#....##. #.#
#...#....... #.######
#...#.....##
#.%....#####...#.....##
#......#..#....#.....##


You could see a kobold.

Table legend:
 A = Turns spent in this place as a percentage of turns spent in the entire game.
 B = Non-inter-level travel turns spent in this place as a percentage of non-inter-level travel turns spent in the entire game.
 C = Inter-level travel turns spent in this place as a percentage of turns spent in this place.
 D = Turns resting spent in this place as a percentage of non-inter-level travel turns spent in this place.
 E = Turns spent auto-exploring this place as a percentage of non-inter-level travel turns spent in this place.
 F = Non-inter-level travel turns spent in this place divided by the number of levels of this place that you've seen.
                   A       B       C       D       E      F
               +-------+-------+-------+-------+-------+----------------------
         Total | 100.0 | 100.0 |   0.0 |   5.6 |   2.4 | 1194.0
       Dungeon | 100.0 | 100.0 |   0.0 |   5.6 |   2.4 | 1194.0
               +-------+-------+-------+-------+-------+----------------------

Table legend:
 A = Kills in this place as a percentage of kills in entire the game.
 B = Kills by you in this place as a percentage of kills by you in the entire game.
 C = Kills by friends in this place as a percentage of kills by friends in the entire game.
 D = Other kills in this place as a percentage of other kills in the entire game.
 E = Experience gained in this place as a percentage of experience gained in the entire game.
 F = Experience gained in this place divided by the number of levels of this place that you have seen.
                   A       B       C       D       E      F
               +-------+-------+-------+-------+-------+----------------------
         Total | 100.0 | 100.0 |  -nan |  -nan | 100.0 |  23.0
       Dungeon | 100.0 | 100.0 |  -nan |  -nan | 100.0 |  23.0
               +-------+-------+-------+-------+-------+----------------------

Vanquished Creatures
  A giant cockroach (D:1)
  2 goblins (D:1)
  A bat (D:1)
  4 kobolds (D:1)
  10 rats (D:1)
18 creatures vanquished.

Notes
Turn   | Place    | Note
--------------------------------------------------------------
     0 | D:1      | gw the Demigod Air Elementalist began the quest for the Orb.
     0 | D:1      | Reached XP level 1. HP: 14/14 MP: 5/5
   634 | D:1      | Reached XP level 2. HP: 11/20 MP: 5/7
   833 | D:1      | Learned a level 2 spell: Swiftness
   836 | D:1      | Learned a level 2 spell: Repel Missiles
  1098 | D:1      | Slain by a kobold

Action                   || total
-------------------------++-------
Melee: Dagger            ||    11
 Cast: Shock             ||    31
       Repel Missiles    ||     1
  Eat: Bread ration      ||     1

Vault maps used:
D:1:      dpeg_arrival_ratfight, item_on_display_a
